3AAA
SCRANTON SUPERNOVAS @ SIOUX FALLS RED PANDAS
07/26/2021
 
TOP OF THE 1ST
Scranton Supernovas batting - Pitching for Sioux Falls Red Pandas : RHP Ash Hardy
Pitching: RHP Ash Hardy
Batting: RHB Keith MacKey 0-0: Called Strike
0-1: Foul Ball, location: 2F
0-2: DOUBLE (Line Drive, 5D)
Batting: LHB Francisco Ortega 0-0: Called Strike
0-1: Fly out, F7 (Flyball, 7M)
Batting: RHB Chris Teague 0-0: Swinging Strike
0-1: SINGLE (Line Drive, 7S)
Keith MacKey to third
Batting: RHB Dave Morris 0-0: Ball
1-0: Ball
2-0: Ball
Wild Pitch!
Keith MacKey scores
Chris Teague to second
3-0: Called Strike
3-1: Foul Ball, location: 2F
3-2: Foul Ball, location: 2F
3-2: DOUBLE (Line Drive, 7LM)
Chris Teague scores
Batting: SHB Jesús Cabańe 0-0: Ball
1-0: SINGLE (Line Drive, 6M)
Dave Morris to third
Batting: LHB Cliff Aldridge 0-0: Ball
1-0: Swinging Strike
1-1: Called Strike
1-2: Strikes out swinging
Batting: RHB Thomas Campbell 0-0: Ball
1-0: Foul Ball, location: 2F
1-1: Ball
2-1: Ball
3-1: Fly out, F9 (Flyball, 89S)
Top of the 1st over - 2 run(s), 4 hit(s), 0 error(s), 2 left on base; Scranton 2 - Sioux Falls 0
BOTTOM OF THE 1ST
Sioux Falls Red Pandas batting - Pitching for Scranton Supernovas : LHP Pedro Pacheco
Pitching: LHP Pedro Pacheco
Batting: RHB Rubén Marino 0-0: Foul Ball, location: 2F
0-1: Swinging Strike
0-2: Strikes out swinging
Batting: LHB Pancho Ruíz 0-0: Fly out, F7 (Line Drive, 7S)
Batting: RHB Jean Chamissa 0-0: Ball
1-0: Ball
2-0: Called Strike
2-1: Ground out 4-3 (Groundball, 4S)
Bottom of the 1st over - 0 run(s), 0 hit(s), 0 error(s), 0 left on base; Scranton 2 - Sioux Falls 0
TOP OF THE 2ND
Scranton Supernovas batting - Pitching for Sioux Falls Red Pandas : RHP Ash Hardy
Batting: RHB Jerome Wilson 0-0: Bunt for hit - play at first, batter OUT! 5-3
Batting: RHB Josh Stafford 0-0: SINGLE (Line Drive, 8RS)
Batting: RHB Keith MacKey 0-0: Called Strike
0-1: Ball
1-1: Ball
2-1: Fly out, F9 (Flyball, 9D)
Runner from 1st tags up, SAFE at 2nd
Batting: LHB Francisco Ortega 0-0: Fly out, F7 (Flyball, 78S)
Top of the 2nd over - 0 run(s), 1 hit(s), 0 error(s), 1 left on base; Scranton 2 - Sioux Falls 0
BOTTOM OF THE 2ND
Sioux Falls Red Pandas batting - Pitching for Scranton Supernovas : LHP Pedro Pacheco
Batting: SHB Dan Hunt 0-0: Ball
1-0: Ball
2-0: Ball
3-0: Called Strike
3-1: Base on Balls
Batting: LHB Markus Richardson 0-0: Ball
1-0: Called Strike
1-1: Foul Ball, location: 2F
1-2: DOUBLE (Groundball, 3D)
Dan Hunt to third
Batting: RHB Keith Hatch 0-0: Called Strike
0-1: Foul Ball, location: 2F
0-2: Fly out, F7 (Flyball, 78M)
Runner from 3rd tags up, SCORES, throw made
Batting: RHB Millard Watson 0-0: Fly out, F8 (Flyball, 8RM)
Batting: LHB Sam Good 0-0: Ground out 3-1 (Groundball, 34S)
Bottom of the 2nd over - 1 run(s), 1 hit(s), 0 error(s), 1 left on base; Scranton 2 - Sioux Falls 1
TOP OF THE 3RD
Scranton Supernovas batting - Pitching for Sioux Falls Red Pandas : RHP Ash Hardy
Batting: RHB Chris Teague 0-0: SINGLE (Flyball, 9LS)
Batting: RHB Dave Morris 0-0: Ball
1-0: Ball
2-0: Ball
3-0: Called Strike
3-1: Fly out, F9 (Flyball, 9LM)
Batting: SHB Jesús Cabańe 0-0: Called Strike
0-1: Called Strike
0-2: Ball
1-2: Strikes out looking
Batting: LHB Cliff Aldridge 0-0: Ball
1-0: Swinging Strike
1-1: Swinging Strike
1-2: Ball
2-2: Strikes out looking
Top of the 3rd over - 0 run(s), 1 hit(s), 0 error(s), 1 left on base; Scranton 2 - Sioux Falls 1
BOTTOM OF THE 3RD
Sioux Falls Red Pandas batting - Pitching for Scranton Supernovas : LHP Pedro Pacheco
Batting: RHB Kazunori Ito 0-0: Ball
1-0: Foul Ball, location: 2F
1-1: Ball
2-1: Ball
3-1: Base on Balls
Batting: RHB Rubén Marino 0-0: Ball
1-0: Fielders Choice at 2nd, 6-4 (Groundball, 6)
Batting: LHB Pancho Ruíz 0-0: Ball
1-0: Ball
2-0: Ball
3-0: Called Strike
3-1: Foul Ball, location: 2F
3-2: Strikes out swinging
Rubén Marino is caught stealing 2nd base
Batter strikes out.
Bottom of the 3rd over - 0 run(s), 0 hit(s), 0 error(s), 0 left on base; Scranton 2 - Sioux Falls 1
TOP OF THE 4TH
Scranton Supernovas batting - Pitching for Sioux Falls Red Pandas : RHP Ash Hardy
Batting: RHB Thomas Campbell 0-0: Swinging Strike
0-1: Fly out, F5 (Popup, 5F)
Batting: RHB Jerome Wilson 0-0: Ball
1-0: Foul Ball, location: 2F
1-1: SINGLE (Groundball, 6MD)
Batting: RHB Josh Stafford 0-0: Called Strike
0-1: Foul Ball, location: 2F
0-2: Ball
1-2: Ball
2-2: Strikes out swinging
Batting: RHB Keith MacKey 0-0: Swinging Strike
0-1: Ball
Throwing error on steal attempt, E2
Jerome Wilson to third
1-1: Swinging Strike
1-2: Ball
2-2: Ball
3-2: Foul Ball, location: 2F
3-2: Base on Balls
Batting: LHB Francisco Ortega 0-0: Ground out 4-3 (Groundball, 4)
Top of the 4th over - 0 run(s), 1 hit(s), 1 error(s), 2 left on base; Scranton 2 - Sioux Falls 1
BOTTOM OF THE 4TH
Sioux Falls Red Pandas batting - Pitching for Scranton Supernovas : LHP Pedro Pacheco
Batting: RHB Jean Chamissa 0-0: Ball
1-0: Ball
2-0: Foul Ball, location: 2F
2-1: Ground out 6-3 (Groundball, 6)
Batting: SHB Dan Hunt 0-0: Ball
1-0: Ball
2-0: Fly out, F7 (Line Drive, 7D)
Batting: LHB Markus Richardson 0-0: Ground out 2-3 (Groundball, 2L)
Bottom of the 4th over - 0 run(s), 0 hit(s), 0 error(s), 0 left on base; Scranton 2 - Sioux Falls 1
TOP OF THE 5TH
Scranton Supernovas batting - Pitching for Sioux Falls Red Pandas : RHP Ash Hardy
Pitching: LHP Hwen-thiang Qin
Batting: RHB Chris Teague 0-0: Ball
1-0: Foul Ball, location: 2F
1-1: Foul Ball, location: 2F
1-2: Strikes out swinging
Batting: RHB Dave Morris 0-0: Called Strike
0-1: Swinging Strike
0-2: Foul Ball, location: 2F
0-2: Foul Ball, location: 2F
0-2: Strikes out looking
Batting: SHB Jesús Cabańe 0-0: Foul Ball, location: 2F
0-1: Ball
1-1: Foul Ball, location: 2F
1-2: Ground out 4-3 (Groundball, 4M)
Top of the 5th over - 0 run(s), 0 hit(s), 0 error(s), 0 left on base; Scranton 2 - Sioux Falls 1
BOTTOM OF THE 5TH
Sioux Falls Red Pandas batting - Pitching for Scranton Supernovas : LHP Pedro Pacheco
Batting: RHB Keith Hatch 0-0: Called Strike
0-1: Ball
1-1: Called Strike
1-2: Foul Ball, location: 2F
1-2: Ball
2-2: Foul Ball, location: 2F
2-2: Fly out, F8 (Flyball, 8LS)
Batting: RHB Millard Watson 0-0: Swinging Strike
0-1: Ball
1-1: Ball
2-1: Swinging Strike
2-2: Ground out 1-3 (Groundball, 13S)
Batting: LHB Sam Good 0-0: Ball
1-0: Foul Ball, location: 2F
1-1: DOUBLE (Groundball, 5L)
Batting: RHB Kazunori Ito 0-0: Ball
1-0: Ball
2-0: Ball
3-0: Base on Balls
Batting: RHB Rubén Marino 0-0: Ball
1-0: Fly out, F8 (Flyball, 8RXD)
Bottom of the 5th over - 0 run(s), 1 hit(s), 0 error(s), 2 left on base; Scranton 2 - Sioux Falls 1
TOP OF THE 6TH
Scranton Supernovas batting - Pitching for Sioux Falls Red Pandas : LHP Hwen-thiang Qin
Batting: LHB Cliff Aldridge 0-0: Called Strike
0-1: Foul Ball, location: 2F
0-2: Ball
1-2: Ball
2-2: Strikes out swinging
Batting: RHB Thomas Campbell 0-0: Foul Ball, location: 2F
0-1: Swinging Strike
0-2: Ball
1-2: Strikes out looking
Batting: RHB Jerome Wilson 0-0: Fly out, F7 (Flyball, 78S)
Top of the 6th over - 0 run(s), 0 hit(s), 0 error(s), 0 left on base; Scranton 2 - Sioux Falls 1
BOTTOM OF THE 6TH
Sioux Falls Red Pandas batting - Pitching for Scranton Supernovas : LHP Pedro Pacheco
Batting: LHB Pancho Ruíz 0-0: Called Strike
0-1: SINGLE (Groundball, 6)
Batting: RHB Jean Chamissa 0-0: Called Strike
0-1: Ball
1-1: DOUBLE (Line Drive, 7LS)
Pancho Ruíz to third
Runner from 3rd tries for Home, SAFE, throw made home
Batting: SHB Dan Hunt 0-0: Called Strike
0-1: Ball
1-1: Foul Ball, location: 2F
1-2: Reached on error, E1 (Groundball, 13S)
Jean Chamissa scores
Batting: LHB Markus Richardson 0-0: Ball
1-0: SINGLE (Line Drive, 6M)
Dan Hunt to third
Batting: RHB Keith Hatch 0-0: Ball
1-0: Called Strike
1-1: Ball
2-1: Ball
3-1: Fly out, F8 (Flyball, 8RM)
Runner from 3rd tags up, OUT at HOME
Markus Richardson to second
Batting: RHB Millard Watson 0-0: Swinging Strike
0-1: Ball
1-1: Ball
2-1: Foul Ball, location: 2F
2-2: Strikes out looking
Bottom of the 6th over - 2 run(s), 3 hit(s), 1 error(s), 1 left on base; Scranton 2 - Sioux Falls 3
TOP OF THE 7TH
Scranton Supernovas batting - Pitching for Sioux Falls Red Pandas : LHP Hwen-thiang Qin
Batting: RHB Josh Stafford 0-0: Ball
1-0: Fly out, F7 (Flyball, 7D)
Batting: RHB Keith MacKey 0-0: Called Strike
0-1: SINGLE (Groundball, 4M)
Pinch Hitting: RHB Jesús Rodríguez 0-0: Ball
1-0: Foul Ball, location: 2F
1-1: Ball
2-1: Ball
3-1: Fielders Choice at 2nd, 1-6 (Groundball, 23)
Batting: RHB Chris Teague 0-0: Foul Ball, location: 2F
0-1: Ball
1-1: SINGLE (Line Drive, 78S)
Jesús Rodríguez to second
Batting: RHB Dave Morris 0-0: Swinging Strike
0-1: Foul Ball, location: 2F
0-2: Ball
1-2: 3-RUN HOME RUN (Flyball, 7D), Distance : 429 ft
Batting: SHB Jesús Cabańe 0-0: SINGLE (Groundball, 25) (infield hit)
Pitching: LHP Jeffery Howell
Batting: LHB Cliff Aldridge 0-0: Called Strike
0-1: Called Strike
Jesús Cabańe is caught stealing 2nd base
Top of the 7th over - 3 run(s), 4 hit(s), 0 error(s), 0 left on base; Scranton 5 - Sioux Falls 3
BOTTOM OF THE 7TH
Sioux Falls Red Pandas batting - Pitching for Scranton Supernovas : LHP Pedro Pacheco
Now in LF: Ethan Stanford
Batting: LHB Sam Good 0-0: Called Strike
0-1: Called Strike
0-2: Ground out 3-1 (Groundball, 34)
Batting: RHB Kazunori Ito 0-0: Foul Ball, location: 2F
0-1: Ball
1-1: Ball
2-1: Called Strike
2-2: Strikes out swinging
Batting: RHB Rubén Marino 0-0: Called Strike
0-1: Called Strike
0-2: Ball
1-2: Ball
2-2: Strikes out swinging
Bottom of the 7th over - 0 run(s), 0 hit(s), 0 error(s), 0 left on base; Scranton 5 - Sioux Falls 3
TOP OF THE 8TH
Scranton Supernovas batting - Pitching for Sioux Falls Red Pandas : LHP Jeffery Howell
Batting: LHB Cliff Aldridge 0-0: Swinging Strike
0-1: Ball
1-1: Ball
2-1: Swinging Strike
2-2: Strikes out looking
Batting: RHB Thomas Campbell 0-0: Ball
1-0: SINGLE (Groundball, 34D)
Batting: RHB Jerome Wilson 0-0: Ball
1-0: Ball
Thomas Campbell steals 2nd base
2-0: Ball
3-0: Base on Balls
Batting: RHB Josh Stafford 0-0: Grounds out, U3 (Groundball, 3L)
Thomas Campbell to third
Batting: RHB Keith MacKey 0-0: Foul Ball, location: 2F
0-1: SINGLE (Groundball, 5D)
Thomas Campbell scores
Jerome Wilson to third
Runner from 3rd tries for Home, SAFE, no throw or cutoff
Batting: RHB Ethan Stanford 0-0: Ball
1-0: Ball
2-0: Foul Ball, location: 2F
2-1: Called Strike
2-2: Foul Ball, location: 2F
2-2: Strikes out swinging
Top of the 8th over - 2 run(s), 2 hit(s), 0 error(s), 1 left on base; Scranton 7 - Sioux Falls 3
BOTTOM OF THE 8TH
Sioux Falls Red Pandas batting - Pitching for Scranton Supernovas : LHP Pedro Pacheco
Batting: LHB Pancho Ruíz 0-0: Fly out, F9 (Flyball, 9D)
Batting: RHB Jean Chamissa 0-0: Called Strike
0-1: Called Strike
0-2: Ball
1-2: Ground out 4-3 (Groundball, 4M)
Batting: SHB Dan Hunt 0-0: Called Strike
0-1: Foul Ball, location: 2F
0-2: Ball
1-2: Ground out 5-3 (Groundball, 56)
Bottom of the 8th over - 0 run(s), 0 hit(s), 0 error(s), 0 left on base; Scranton 7 - Sioux Falls 3
TOP OF THE 9TH
Scranton Supernovas batting - Pitching for Sioux Falls Red Pandas : LHP Jeffery Howell
Batting: RHB Chris Teague 0-0: Called Strike
0-1: Ball
1-1: DOUBLE (Line Drive, 78M)
Batting: RHB Dave Morris 0-0: Ball
1-0: Ground out 6-3 (Groundball, 6S)
Chris Teague to third
Batting: SHB Jesús Cabańe 0-0: Ball
1-0: Ball
2-0: Called Strike
2-1: SINGLE (Line Drive, 4MD)
Chris Teague scores
Pitching: RHP Enrique Franco
Batting: LHB Cliff Aldridge 0-0: Ball
Jesús Cabańe is caught stealing 2nd base
1-0: Called Strike
1-1: Ball
2-1: Foul Ball, location: 2F
2-2: Ball
3-2: Strikes out swinging
Top of the 9th over - 1 run(s), 2 hit(s), 0 error(s), 0 left on base; Scranton 8 - Sioux Falls 3
BOTTOM OF THE 9TH
Sioux Falls Red Pandas batting - Pitching for Scranton Supernovas : LHP Pedro Pacheco
Pitching: LHP Felipe Gutiérrez
Now at C: César Ramírez
Now at 1B: Jason Duncan
Batting: LHB Markus Richardson 0-0: Ground out 3-1 (Groundball, 34)
Batting: RHB Keith Hatch 0-0: Swinging Strike
0-1: Called Strike
0-2: Ball
1-2: Fly out, F7 (Line Drive, 78M)
Batting: RHB Millard Watson 0-0: Ball
1-0: Called Strike
1-1: Ball
2-1: Foul Ball, location: 2F
2-2: Ball
3-2: Foul Ball, location: 2F
3-2: Foul Ball, location: 2F
3-2: Base on Balls
Batting: LHB Sam Good 0-0: Ball
1-0: Fly out, F4 (Popup, 4M)
Bottom of the 9th over - 0 run(s), 0 hit(s), 0 error(s), 1 left on base; Scranton 8 - Sioux Falls 3
This league is powered by Out of the Park Baseball, the baseball management simulation game for PC, Mac and Linux
Friday, January 22nd, 2016 - OOTP Baseball 16.9 Build 39